 Dungeon Sprint DCSS version 0.30.1-6-gbe392663c4 (webtiles) character file.

Game seed: 819013193782084755

54870 Heoruswealwe the Impregnable (level 14, -9/238 HPs)
             Began as a Minotaur Fighter on Sept 20, 2023.
             Was the Champion of the Shining One.
             Mangled by a spriggan defender
             ... wielding a +4 demon whip of venom
              (16 damage)
             ... in the Dungeon (Sprint IX: "|||||||||||||||||||||||||||||").
             The game lasted 00:34:09 (2855 turns).

Heoruswealwe the Impregnable (Minotaur Fighter)     Turns: 2855, Time: 00:34:09

Health: -9/238     AC: 33    Str: 27    XL:     14   Next: 36%
Magic:  13/13      EV:  9    Int:  5    God:    the Shining One [******]
Gold:   605        SH:  0    Dex: 12    Spells: 13/13 levels left

rFire   + . .        b - +1 great mace
rCold   . . .        (shield currently unavailable)
rNeg    + + +        c - +0 plate armour
rPois   .            (helmet restricted)
rElec   .            h - +0 cloak
rCorr   +            f - +0 pair of gloves
SInv    .            e - +2 pair of boots of the Farrier {Rampage Regen+ rCorr Str+3}
Will    +....        (no amulet) Stlth
                     k - +4 ring of protection
HPRegen 1.39/turn    j - ring of protection from fire
MPRegen 0.13/turn

%: no teleportation, rampage
@: berserking, lethally poisoned (-9 -> -11), glowing, very quick
A: horns 2, retaliatory headbutt
a: Renounce Religion, Divine Shield, Cleansing Flame, Summon Divine Warrior,
Brand Weapon With Holy Wrath


You were in the Dungeon.
You worshipped the Shining One.
The Shining One was exalted by your worship.
You visited 1 branch You collected 1929 gold pieces.
You spent 1324 gold pieces at shops.

Inventory:

Hand Weapons
 a - a +0 flail
 b - a +1 great mace (weapon)
Armour
 c - a +0 plate armour (worn)
 d - a +1 tower shield
 e - the +2 pair of boots of the Farrier (worn) {Rampage Regen+ rCorr Str+3}
   (You acquired it in the Dungeon)

   Str:       It affects your strength (+3).
   Regen:     It increases your rate of health regeneration.
   rCorr:     It protects you from acid and corrosion.
   Rampage:   It bestows one free step when moving towards enemies.
 f - a +0 pair of gloves (worn)
 h - a +0 cloak (worn)
Jewellery
 j - a ring of protection from fire (right hand)
 k - a +4 ring of protection (left hand)
Wands
 l - a wand of roots (10)
 m - a wand of flame (9)
Scrolls
 n - 6 scrolls of enchant weapon
 o - 5 scrolls of enchant armour
 r - 2 scrolls of identify
 t - 3 scrolls of blinking
Potions
 g - a potion of haste
 p - a potion of flight {unknown}
 s - 2 potions of might


   Skills:
 + Level 24.1 Fighting
 + Level 24.0 Maces & Flails
 + Level 24.1 Armour
 + Level 24.1 Shields


You had 13 spell levels left.
You didn't know any spells.
Your spell library was empty.

Dungeon Overview and Level Annotations

Branches:
Dungeon (1/1)

Altars:
Cheibriados
Dithmenos
Elyvilon
Fedhas
Gozag
Hepliaklqana
Kikubaaqudgha
Makhleb
Nemelex Xobeh
Okawaru
Qazlal
Ru
Sif Muna
Trog
Uskayaw
Vehumet
Wu Jian
Xom
Yredelemnul
Zin
The Shining One
Jiyva
Lugonu

Shops:
D :?*(


Innate Abilities, Weirdness & Mutations

You have a pair of horns on your head.
You reflexively headbutt those who attack you in melee.


Message History

You barely miss the deep troll earth mage.
You headbutt the deep troll earth mage, but do no damage.
The deep troll earth mage is almost dead.
The deep troll earth mage points next to you and mumbles some strange words.
The wall shatters!
The blast of rock fragments hits you.
* * * LOW HITPOINT WARNING * * *
You bludgeon the deep troll earth mage!!
You kill the deep troll earth mage!
The troll leather armour is intact enough to wear.
You bludgeon the frost giant!!
You headbutt the frost giant, but do no damage.
The frost giant is moderately wounded.
You sock the frost giant!
The frost giant is heavily wounded.
The frost giant gestures at you while chanting.
The bolt of cold hits you!!!
* * * LOW HITPOINT WARNING * * *
A red film seems to cover your vision as you go berserk!
You feel yourself moving faster!
You feel mighty! The frost giant casts a spell at you.
The bolt of cold hits you!
* * * LOW HITPOINT WARNING * * *
You bludgeon the frost giant!! You headbutt the frost giant!
The frost giant is almost dead.
You hit the frost giant.
The frost giant is almost dead.
The frost giant casts a spell at you. The bolt of cold misses you.
You sock the frost giant!
You kill the frost giant!
Your Maces & Flails skill increases to level 24!
The spriggan defender blocks your attack. x2
The spriggan defender hits you but does no damage.
You are poisoned.
You miss the spriggan defender.
Your headbutt misses the spriggan defender.
You feel sick.
The spriggan defender blocks your attack.
The spriggan defender hits you with a +4 demon whip of venom!
You die...

▓.▓.▓.▓.▓)▓.▓.▓.▓'
▓.▓.▓)▓.▓)▓.▓.▓.▓†
▓.▓.▓)▓.▓[▓.▓.▓.▓†
▓.▓.▓)▓.▓[▓.▓)▓.▓.
▓.▓.♣)♣.▓[▓.▓)▓.▓.
▓.▓.♣.♣.▓[▓.▓)▓.▓.
▓.▓.♣.♣.▓[▓.▓)▓.▓.
▓[▓.♣.♣.▓.▓.▓)▓.▓.
▓@▓.♣[♣.▓[▓.▓)▓.▓.
▓i▓.♣.♣.▓[▓.▓)▓.▓.
▓.▓.♣.♣.▓[▓.▓.▓.▓÷
▓.▓.♣.♣.▓.▓.▓.▓.▓÷
▓.▓.♣.♣.▓.▓.▓[▓.▓.
▓.▓.♣.♣.▓.▓.▓.▓.▓.
▓.▓.▓'▓.▓.▓.▓.▓.▓.
▓+▓.▓†▓.▓!▓.▓.▓.▓.
▓.▓†▓.▓.▓.▓.▓.▓†


You could see a spriggan defender.

Vanquished Creatures
  Rupert (D)
  A sphinx (D)
  A thorn hunter (D)
  Agnes (D)
  Donald (D)
  2 fire giants (D)
  A frost giant (D)
  A spriggan defender (D)
  4 very ugly things (D)
  2 stone giants (D)
  A vampire knight (D)
  A dire elephant (D)
  2 bunyips (D)
  A spark wasp (D)
  2 ettins (D)
  An ice dragon (D)
  A jorogumo (D)
  A centaur warrior (D)
  A hydra (D)
  A catoblepas (D)
  Erica (D)
  A radroach (D)
  3 deep troll shamans (D)
  An alligator (D)
  A tengu warrior (D)
  A two-headed ogre (D)
  Urug (D)
  An orc high priest (D)
  A vampire mage (D)
  A naga sharpshooter (D)
  A deep troll earth mage (D)
  Sonja (D)
  A shock serpent (D)
  A sea snake (D)
  A skeletal warrior (D)
  A sun moth (D)
  A goliath frog (D)
  2 spriggan druids (D)
  A swamp dragon (D)
  A naga ritualist (D)
  2 flayed ghosts (D)
  8 orc knights (D)
  A wizard (D)
  A steelbarb worm (D)
  A mana viper (D)
  A deep elf pyromancer (D)
  A wolf spider (D)
  An orc sorcerer (D)
  2 manticores (D)
  A will-o-the-wisp (D)
  7 elephants (D)
  A salamander (D)
  An ugly thing (D)
  2 merfolk sirens (D)
  4 black mambas (D)
  A naga mage (D)
  Maurice (D)
  A demonic crawler (D)
  3 cane toads (D)
  A rime drake (D)
  2 komodo dragons (D)
  A tengu conjurer (D)
  A yaktaur (D)
  A troll (D)
  3 merfolk (D)
  A snapping turtle (D)
  A slime creature (D)
  2 jumping spiders (D)
  A culicivora (D)
  A wyvern (D)
  4 yaks (D)
  A steam dragon (D)
  A water elemental (D)
  A basilisk (D)
  A floating eye (D)
  12 orc warriors (D)
  3 water moccasins (D)
  3 centaurs (D)
  An ogre (D)
  A phantom (D)
  3 bullfrogs (D)
  A gnoll sergeant (D)
  An orc priest (D)
  7 orc wizards (D)
  2 adders (D)
  9 orcs (D)
  A bat (D)
  An endoplasm (D)
  A hobgoblin (D)
  A ball python (D)
  A frilled lizard (D)
161 creatures vanquished.

Vanquished Creatures (others)
  3 foxfires (D)
3 creatures vanquished.

Grand Total: 164 creatures vanquished

Notes
Turn   | Place    | Note
-------+----------+-------------------------------------------
     0 | D        | Heoruswealwe the Minotaur Fighter began the quest for the
                  | Orb.
     0 | D        | Reached XP level 1. HP: 19/19 MP: 0/0
    20 | D        | Noticed a phantom
    20 | D        | Noticed an ogre
    29 | D        | Killed a phantom
    30 | D        | Reached skill level 5 in Maces & Flails
    30 | D        | Reached XP level 2. HP: 22/30 MP: 1/1
    30 | D        | Reached XP level 3. HP: 27/37 MP: 2/2
    30 | D        | Reached XP level 4. HP: 32/44 MP: 3/3
    40 | D        | Killed an ogre
    41 | D        | Reached XP level 5. HP: 42/52 MP: 4/4
    49 | D        | Found a snail-covered altar of Cheibriados.
    49 | D        | Found a shadowy altar of Dithmenos.
    49 | D        | Found a white marble altar of Elyvilon.
    49 | D        | Found a blossoming altar of Fedhas.
    49 | D        | Found an opulent altar of Gozag.
    50 | D        | Found a hazy altar of Hepliaklqana.
    51 | D        | Found a viscous altar of Jiyva.
    52 | D        | Found an ancient bone altar of Kikubaaqudgha.
    53 | D        | Found a corrupted altar of Lugonu.
    54 | D        | Found a burning altar of Makhleb.
    55 | D        | Found a sparkling altar of Nemelex Xobeh.
    56 | D        | Found an iron altar of Okawaru.
    57 | D        | Found a stormy altar of Qazlal.
    58 | D        | Found a sacrificial altar of Ru.
    59 | D        | Found a shimmering blue altar of Sif Muna.
    60 | D        | Found a bloodstained altar of Trog.
    61 | D        | Found a hide-covered altar of Uskayaw.
    62 | D        | Found a radiant altar of Vehumet.
    63 | D        | Found an ornate altar of the Wu Jian Council.
    64 | D        | Found a shimmering altar of Xom.
    65 | D        | Found a basalt altar of Yredelemnul.
    66 | D        | Found a glowing silver altar of Zin.
    67 | D        | Found a glowing golden altar of the Shining One.
    75 | D        | Became a worshipper of the Shining One
   125 | D        | Noticed a troll
   125 | D        | Noticed a centaur
   125 | D        | Noticed a steam dragon
   125 | D        | Noticed a centaur
   125 | D        | Reached * piety under the Shining One
   125 | D        | Noticed a yak
   127 | D        | Killed a troll
   128 | D        | Reached XP level 6. HP: 51/63 MP: 5/5
   131 | D        | Killed a steam dragon
   132 | D        | Reached skill level 10 in Fighting
   132 | D        | Reached skill level 10 in Armour
   132 | D        | Reached skill level 10 in Shields
   132 | D        | Reached XP level 7. HP: 46/72 MP: 6/6
   134 | D        | Reached skill level 10 in Maces & Flails
   139 | D        | Killed a yak
   241 | D        | Noticed a centaur warrior
   241 | D        | Noticed a two-headed ogre
   241 | D        | Reached ** piety under the Shining One
   241 | D        | Noticed a deep elf pyromancer
   241 | D        | Noticed a basilisk
   246 | D        | Killed a centaur warrior
   247 | D        | Reached XP level 8. HP: 61/83 MP: 7/7
   249 | D        | Killed a two-headed ogre
   250 | D        | Reached XP level 9. HP: 29/92 MP: 8/8
   256 | D        | Killed a deep elf pyromancer
   594 | D        | Noticed a cane toad
   594 | D        | Reached *** piety under the Shining One
   594 | D        | Noticed a cane toad
   594 | D        | Noticed a rime drake
   598 | D        | Killed a cane toad
   600 | D        | Killed a cane toad
   609 | D        | Killed a rime drake
   611 | D        | Reached XP level 10. HP: 100/104 MP: 9/9
   622 | D        | Reached **** piety under the Shining One
   622 | D        | Noticed a four-headed hydra
   625 | D        | Noticed a black mamba
   630 | D        | Noticed a cane toad
   630 | D        | Reached ***** piety under the Shining One
   633 | D        | Reached skill level 15 in Fighting
   633 | D        | Reached skill level 15 in Armour
   633 | D        | Reached skill level 15 in Shields
   634 | D        | Killed a four-headed hydra
   635 | D        | Reached skill level 15 in Maces & Flails
   638 | D        | Killed a black mamba
   646 | D        | Killed a cane toad
   838 | D        | Noticed a dire elephant
   838 | D        | Noticed an elephant
   838 | D        | Noticed an elephant
   838 | D        | Noticed an elephant
   838 | D        | Noticed an elephant
   838 | D        | Noticed an elephant
   845 | D        | Killed a dire elephant
   849 | D        | Killed an elephant
   852 | D        | Killed an elephant
   852 | D        | Noticed an elephant
   853 | D        | Reached XP level 11. HP: 78/114 MP: 10/10
  1063 | D        | Noticed Sonja
  1070 | D        | Noticed Erica
  1071 | D        | Killed Sonja
  1079 | D        | Killed Erica
  1263 | D        | Noticed a stone giant
  1273 | D        | Killed a stone giant
  1442 | D        | Noticed an orc sorcerer
  1442 | D        | Reached ****** piety under the Shining One
  1442 | D        | Noticed an orc high priest
  1444 | D        | Noticed an orc knight
  1444 | D        | Killed an orc sorcerer
  1446 | D        | Noticed an orc knight
  1454 | D        | Killed an orc high priest
  1461 | D        | Killed an orc knight
  1470 | D        | Killed an orc knight
  1580 | D        | Found Deybb's Book Emporium.
  1580 | D        | Noticed an orc knight
  1580 | D        | Noticed an orc knight
  1580 | D        | Noticed an orc knight
  1582 | D        | Noticed an orc knight
  1590 | D        | Killed an orc knight
  1597 | D        | Killed an orc knight
  1601 | D        | Killed an orc knight
  1605 | D        | Killed an orc knight
  1606 | D        | Reached XP level 12. HP: 107/128 MP: 11/11
  1606 | D        | Found Yjusoraz's Magic Scroll Shoppe.
  1618 | D        | Found Mahyo's Assorted Antiques.
  1623 | D        | Found Rinuyhef's Weapon Shoppe.
  1690 | D        | Bought 3 scrolls of blinking for 225 gold pieces
  1690 | D        | Bought a scroll of enchant weapon for 75 gold pieces
  1690 | D        | Bought a scroll of acquirement for 520 gold pieces
  1692 | D        | Bought a scroll labelled JUT HONWEEBI for 24 gold pieces
  1692 | D        | Bought a scroll of enchant armour for 180 gold pieces
  1692 | D        | Bought a potion of berserk rage for 120 gold pieces
  1692 | D        | Bought a scroll of enchant weapon for 180 gold pieces
  1872 | D        | Acquired the +2 pair of boots of the Farrier {Rampage
                  | Regen+ rCorr Str+3}
  1903 | D        | Noticed Urug
  1913 | D        | Killed Urug
  2027 | D        | Noticed a catoblepas
  2034 | D        | Noticed a stone giant
  2039 | D        | Noticed a brown very ugly thing
  2040 | D        | Noticed a brown very ugly thing
  2049 | D        | Killed a catoblepas
  2060 | D        | Noticed a purple very ugly thing
  2069 | D        | Killed a stone giant
  2075 | D        | Killed a purple very ugly thing
  2080 | D        | Killed a purple very ugly thing
  2082 | D        | Noticed an ice dragon
  2086 | D        | Killed a brown very ugly thing
  2092 | D        | Paralysed by a floating eye for 4 turns
  2102 | D        | Killed an ice dragon
  2102 | D        | Paralysed by a floating eye for 3 turns
  2192 | D        | Noticed Donald
  2201 | D        | Killed Donald
  2204 | D        | Noticed Agnes
  2215 | D        | Killed Agnes
  2216 | D        | Reached XP level 13. HP: 116/141 MP: 12/12
  2373 | D        | Noticed a thorn hunter
  2378 | D        | Noticed a bunyip
  2385 | D        | Killed a thorn hunter
  2389 | D        | Noticed a bunyip
  2409 | D        | Killed a bunyip
  2417 | D        | Killed a bunyip
  2514 | D        | Paralysed by a jorogumo for 1 turns
  2655 | D        | Noticed Rupert
  2664 | D        | Killed Rupert
  2672 | D        | Noticed Maurice
  2684 | D        | Killed Maurice
  2755 | D        | Noticed a sphinx
  2755 | D        | Noticed a brown very ugly thing
  2755 | D        | Noticed a spriggan defender
  2761 | D        | Killed a sphinx
  2761 | D        | Noticed a fire giant
  2770 | D        | Killed a brown very ugly thing
  2771 | D        | Noticed an ettin
  2777 | D        | Reached XP level 14. HP: 131/157 MP: 13/13
  2789 | D        | Killed a spriggan defender
  2796 | D        | Killed a fire giant
  2799 | D        | Noticed a vampire knight
  2819 | D        | Killed a vampire knight
  2830 | D        | Noticed a fire giant
  2832 | D        | Noticed a frost giant
  2834 | D        | Noticed a spriggan defender
  2837 | D        | Killed a fire giant
  2849 | D        | HP: 5/238 [frost giant/bolt of cold (9)]
  2852 | D        | Killed a frost giant
  2854 | D        | HP: 6/238 [poisoned by a spriggan defender]
  2855 | D        | Mangled by a spriggan defender

Illustrated notes

Levels and vault maps discovered:
D:        linesprint [early_d, line_temple, items_1, d_10, items_2, lair_1,
          lair_end, items_3, orc_1, orc_end, items_4, d_15, swamp_1, shoals_1,
          snake_1, spider_1, d_20, vaults_1, items_5, swamp_end, shoals_end,
          snake_end, spider_end, vaults_end, d_27, items_6, zot_1, zot_end,
          crypt_end, forest_end, elf_end, slime_end, tomb_end, abyss_end,
          pan_hell_end]

Skill      XL: |  1  2  3  4  5  6  7  8  9 10 11 12 13 14 |
---------------+-------------------------------------------+-----
Armour         | 6 7 9 10 12 14 16 18 20 23 24 | 24.1
Fighting       | 6 7 9 10 12 14 16 18 20 23 24 | 24.1
Maces & Flails | 5 6 8 9 11 12 14 16 18 20 23 24 | 24.0
Shields        | 6 7 9 10 12 14 16 18 20 23 24 | 24.1

Action                     |  1- 3 |  4- 6 |  7- 9 | 10-12 | 13-15 || total
---------------------------+-------+-------+-------+-------+-------++-------
  Melee: Flail             |    15 |    13 |       |       |       ||    28
         Headbutt          |     2 |     4 |     8 |    65 |    83 ||   162
         Dire flail        |       |     5 |    35 |   170 |       ||   210
         Great mace        |       |       |       |    76 |   231 ||   307
    Use: Potion            |       |       |     1 |    13 |     6 ||    20
         Scroll            |       |       |       |     3 |     1 ||     4
 Armour: Scale mail        |     3 |     1 |       |       |       ||     4
         Chain mail        |       |     6 |    22 |    42 |       ||    70
         Plate armour      |       |       |       |    56 |   136 ||   192
  Dodge: Dodged            |     7 |    11 |    13 |    52 |    72 ||   155
  Block: Buckler           |     3 |     3 |       |       |       ||     6
